Map: Ascension to Aiur LE

Players

eXile

  • Race: Zerg Zerg
  • League: Gold
  • Spawn Location: 5:00

Nitruo - Winner!

  • Race: Zerg Zerg
  • League: Gold
  • Spawn Location: 11:00

VOD

Have the link to the VOD?

Description

Time

  • Played on: May 23, 2017, 8:41 p.m.
  • Length: 16:06
Show
View Real Time Build Order
Export as new Build Order

eXile Zerg 

Build Orders: Hatch First 

Get SALT Encoding   

  12  0:01  Drone  
  13  0:19  Drone  
  13  0:21  Overlord  
  14  0:25  Extractor  
  14  0:26  Drone  
  15  0:39  Drone  
  17  0:42  Drone  
  17  0:52  Drone  
  18  0:59  Hatchery  
  17  1:04  Extractor  
  17  1:05  Drone  
  17  1:20  Spawning Pool  
  16  1:31  Drone x2  
  18  1:57  Overlord  
  18  1:58  Drone x2  
  20  2:07  Metabolic Boost  
  20  2:13  Zergling x4  
  20  2:14  Queen  
  24  2:18  Queen  
  26  2:32  Drone x2  
  28  2:45  Drone x3  
  28  2:48  Baneling Nest  
  30  2:56  Zergling x2  
  30  2:57  Zergling x4  
  33  3:02  Evolution Chamber  
  33  3:03  Evolution Chamber  
  31  3:08  Evolution Chamber  
  32  3:34  Burrow  
  32  3:35  Spine Crawler  
  32  3:41  Evolution Chamber, Drone x6  
  36  4:00  Overlord x2  
  36  4:07  Hatchery  
  34  4:14  Roach Warren  
  34  4:15  Extractor  
  31  4:17  Zergling x8  
  31  4:18  Zergling x4  
  31  4:24  Zerg Missile Weapons Level 1  
  37  4:27  Drone  
  37  4:28  Drone  
  39  4:34  Spine Crawler  
  38  4:46  Spine Crawler  
  38  4:49  Spine Crawler  
  36  4:53  Zergling x8  
  35  5:18  Roach x5  
  45  5:30  Drone  
  45  5:31  Drone x5  
  44  6:06  Roach x7  
  44  6:10  Overlord x3  
  58  6:15  Extractor  
  57  6:23  Drone  
  58  6:38  Overlord  
  58  6:39  Overlord x2  
  58  6:47  Lair  
  58  6:57  Zergling x16  
  58  6:58  Zergling x12  
  72  7:05  Drone  
  73  7:10  Overlord x2  
  73  7:43  Spore Crawler  
  69  7:44  Spore Crawler  
  69  7:46  Spore Crawler  
  62  7:53  Zergling x2  
  62  7:54  Zergling x26  
  70  8:04  Spore Crawler  
  61  8:05  Spore Crawler  
  61  8:08  Spore Crawler  
  61  8:09  Zergling x8  
  47  8:24  Drone  
  47  8:25  Drone x3  
  49  8:40  Spire  
  46  8:42  Extractor  
  46  8:44  Drone x4  
  39  9:01  Queen  
  41  9:05  Hydralisk Den  
  41  9:08  Drone x4  
  36  9:47  Hydralisk x6  
  36  9:48  Hydralisk x2  
  52  10:06  Zergling x2  
  52  10:07  Zergling x16  
  61  10:20  Zergling x8  
  56  10:41  Hydralisk x5  
  56  10:42  Hydralisk  
  53  11:23  Hydralisk  
  53  11:24  Hydralisk x6  
  67  11:36  Muscular Augments  
  67  11:38  Drone  
  67  11:39  Drone x3  
  71  11:55  Pneumatized Carapace  
  71  12:03  Zergling x8  
  71  12:04  Zergling x2  
  71  12:08  Zerg Missile Weapons Level 2  
  76  12:18  Overlord  
  68  12:37  Zergling x2  
  68  12:38  Zergling x10  
  73  12:46  Hydralisk  
  73  12:47  Overlord  
  73  12:48  Overlord  
  58  13:11  Zergling x2  
  58  13:12  Zergling x14  
  64  13:22  Mutalisk  
  64  13:26  Zerg Flyer Armor Level 1  
  66  13:29  Mutalisk  
  68  13:35  Evolution Chamber  
  68  13:36  Mutalisk x2  
  71  13:43  Mutalisk  
  73  13:58  Mutalisk x2  
  72  14:30  Zergling x10  
  72  14:31  Zergling x8  
  58  14:51  Hydralisk x2  
  58  14:52  Hydralisk x3  
  68  15:16  Hatchery  
Show
View Real Time Build Order
Export as new Build Order

Nitruo Zerg - Winner!

Build Orders: Hatch First 

Get SALT Encoding   

  12  0:01  Drone  
  13  0:10  Drone  
  14  0:19  Overlord  
  14  0:28  Extractor  
  14  0:29  Extractor, Drone x2  
  16  0:37  Drone  
  17  0:44  Drone  
  18  1:01  Hatchery  
  17  1:09  Drone x2  
  17  1:11  Extractor  
  18  1:25  Extractor  
  17  1:26  Spawning Pool  
  17  1:27  Drone  
  17  1:31  Drone  
  18  1:41  Overlord  
  19  1:51  Extractor  
  18  2:17  Zergling x2  
  18  2:18  Queen, Zergling x6  
  18  2:19  Queen  
  18  2:22  Metabolic Boost  
  26  2:26  Drone  
  26  2:29  Drone  
  28  2:48  Roach Warren, Drone  
  28  2:49  Drone x2  
  30  3:05  Spine Crawler  
  29  3:08  Extractor  
  29  3:09  Drone x2  
  29  3:10  Overlord  
  26  3:41  Drone x2  
  26  3:43  Roach  
  26  3:44  Roach x4  
  26  3:46  Roach  
  40  3:51  Roach  
  42  3:56  Roach  
  42  4:01  Overlord  
  44  4:20  Overlord x2  
  44  4:23  Lair  
  44  4:25  Drone  
  44  4:30  Drone  
  46  4:33  Extractor  
  46  4:34  Extractor, Drone  
  45  4:43  Drone x2  
  47  4:46  Drone  
  47  4:49  Drone  
  49  4:54  Drone  
  48  5:18  Drone x5  
  48  5:19  Drone  
  54  5:21  Drone x2  
  54  5:22  Drone x3  
  59  5:29  Overlord  
  59  5:37  Spire  
  48  6:08  Roach x11  
  70  6:22  Overseer  
  70  6:23  Overseer  
  70  6:26  Drone  
  70  6:32  Glial Reconstitution  
  71  6:34  Burrow  
  67  6:53  Mutalisk x4  
  73  6:57  Overlord x4  
  75  7:17  Hatchery  
  72  7:22  Spore Crawler  
  72  7:26  Mutalisk x6  
  83  7:36  Zergling x2  
  83  7:37  Zergling x8  
  82  7:48  Zergling x10  
  82  7:49  Zergling x2  
  73  7:58  Mutalisk x2  
  73  7:59  Mutalisk  
  74  8:18  Drone x5  
  74  8:19  Drone x2  
  81  8:28  Zergling x2  
  81  8:31  Drone  
  81  8:33  Zergling x2  
  79  8:41  Zergling x4  
  79  8:42  Zergling x2  
  79  8:46  Queen  
  81  9:01  Queen, Drone  
  84  9:03  Extractor  
  83  9:11  Overlord, Drone  
  83  9:12  Overlord x2  
  83  9:15  Overseer  
  84  9:17  Extractor  
  84  9:23  Zergling x16  
  84  9:24  Queen, Zergling x2  
  84  9:46  Mutalisk  
  84  9:47  Mutalisk x6  
  84  9:48  Mutalisk x2  
  100  10:01  Zergling x8  
  100  10:02  Zergling x4  
  95  10:43  Mutalisk  
  95  10:44  Mutalisk x8  
  95  10:45  Mutalisk x2  
  89  11:18  Infestation Pit  
  88  11:22  Zergling x10  
  88  11:23  Zergling x28  
  107  11:32  Overlord  
  107  11:34  Overlord  
  107  11:35  Overlord  
  107  11:54  Roach  
  107  11:55  Roach x7  
  107  11:56  Roach x3  
  129  12:19  Drone x6  
  129  12:20  Drone x7  
  129  12:21  Drone  
  104  13:09  Mutalisk x6  
  104  13:10  Mutalisk x10  
  134  13:15  Ravager x2  
  134  13:16  Ravager x4  
  134  13:19  Ravager  
  141  13:32  Hatchery  
  140  13:52  Extractor  
  139  13:56  Spine Crawler x2  
  139  13:57  Extractor, Spine Crawler x2  
  139  13:58  Spine Crawler  
  74  14:52  Mutalisk x8  
  70  14:53  Mutalisk x6  
  96  15:16  Queen  
  98  15:29  Roach  
  98  15:30  Roach x19  
  98  15:31  Roach  
  136  15:50  Drone  
Tags
 
Add a new tag
Caveats
  • Supply blocks, unpowered buildings, or Contaminate may cause inaccurate times.
  • Supply counts are checked every 10 seconds.